| TOP OF THE 1ST |
|
Los Angeles (NYP) Dodgers batting - Pitching for Tri-City Dust Devils : RHP Roger Watkins
|
|
Pitching: RHP Roger Watkins
|
|
|
Batting: RHB Nick Beggs
|
0-0: Reached on error, E3 (Groundball, 34, EV 88.1 MPH)
|
|
Batting: RHB Ruben Serrata
|
0-0: Ground out 6-3 (Groundball, P, EV 90.0 MPH) Nick Beggs to second
|
|
Batting: RHB Tommie Lee
|
0-0: Swinging Strike 0-1: Foul Ball, location: 2F 0-2: Ball Wild Pitch! Nick Beggs to third 1-2: Foul Ball, location: 2F 1-2: Ball 2-2: Strikes out swinging
|
|
Batting: RHB Daniel Samano
|
0-0: Ball 1-0: Foul Ball, location: 2F 1-1: Swinging Strike 1-2: Strikes out swinging
|
| Top of the 1st over - 0 runs, 0 hits, 1 error, 1 left on base; Los Angeles (NYP) 0 - Tri-City 0 |
| BOTTOM OF THE 1ST |
|
Tri-City Dust Devils batting - Pitching for Los Angeles (NYP) Dodgers : RHP Tyler Scherer
|
|
Pitching: RHP Tyler Scherer
|
|
|
Batting: LHB Ramon Vega
|
0-0: Fly out, F7 (Flyball, 7S, EV 90.0 MPH)
|
|
Batting: LHB Phil Lerner
|
0-0: DOUBLE (Line Drive, 89D, EV 105.6 MPH)
|
|
Batting: RHB Hector Fernandez
|
0-0: Called Strike 0-1: Called Strike 0-2: Fly out, F8 (Flyball, 78D, EV 105.0 MPH)
|
|
Batting: SHB Manny Berrones
|
0-0: Ground out U3 (Groundball, 34S, EV 88.8 MPH)
|
| Bottom of the 1st over - 0 runs, 1 hit, 0 errors, 1 left on base; Los Angeles (NYP) 0 - Tri-City 0 |
| TOP OF THE 2ND |
|
Los Angeles (NYP) Dodgers batting - Pitching for Tri-City Dust Devils : RHP Roger Watkins
|
|
Batting: LHB Jose Mojica
|
0-0: Swinging Strike 0-1: Foul Ball, location: 2F 0-2: Strikes out looking
|
|
Batting: RHB Jonathan Underhill
|
0-0: Ball 1-0: Ball 2-0: Ball 3-0: Base on Balls
|
|
Batting: RHB Nate Burkhalter
|
0-0: Grounds into double play, 6-4-3 (Groundball, 6S, EV 82.5 MPH)
|
| Top of the 2nd over - 0 runs, 0 hits, 0 errors, 0 left on base; Los Angeles (NYP) 0 - Tri-City 0 |
| BOTTOM OF THE 2ND |
|
Tri-City Dust Devils batting - Pitching for Los Angeles (NYP) Dodgers : RHP Tyler Scherer
|
|
Batting: RHB Brian DeVoe
|
0-0: Ball 1-0: Called Strike 1-1: SINGLE (Line Drive, 9S, EV 104.4 MPH)
|
|
Batting: SHB Yutaro Takahashi
|
0-0: Ball 1-0: Foul Ball, location: 2F 1-1: Ball 2-1: Ball 3-1: Foul Ball, location: 2F 3-2: Foul Ball, location: 2F 3-2: Strikes out looking
|
|
Batting: RHB Paul Van Gilder
|
0-0: Ball 1-0: Ball 2-0: Ball 3-0: Foul Ball, location: 2F 3-1: Swinging Strike 3-2: Strikes out swinging
|
|
Batting: RHB Alfredo Lemus
|
0-0: Ball 1-0: Ball 2-0: Ball 3-0: Foul Ball, location: 2F 3-1: Foul Ball, location: 2F 3-2: Strikes out swinging
|
| Bottom of the 2nd over - 0 runs, 1 hit, 0 errors, 1 left on base; Los Angeles (NYP) 0 - Tri-City 0 |
| TOP OF THE 3RD |
|
Los Angeles (NYP) Dodgers batting - Pitching for Tri-City Dust Devils : RHP Roger Watkins
|
|
Batting: LHB Antonio Luis
|
0-0: Ball 1-0: SINGLE (Groundball, 6D, EV 93.8 MPH)
|
|
Batting: RHB Nick Massengale
|
0-0: Grounds into double play, 4-6-3 (Groundball, 4, EV 86.9 MPH)
|
|
Batting: RHB Nick Beggs
|
0-0: Ball 1-0: Called Strike 1-1: Ball 2-1: Swinging Strike 2-2: Strikes out swinging
|
| Top of the 3rd over - 0 runs, 1 hit, 0 errors, 0 left on base; Los Angeles (NYP) 0 - Tri-City 0 |
| BOTTOM OF THE 3RD |
|
Tri-City Dust Devils batting - Pitching for Los Angeles (NYP) Dodgers : RHP Tyler Scherer
|
|
Batting: RHB Zachary Sidney
|
0-0: Called Strike 0-1: Foul Ball, location: 2F 0-2: Ball 1-2: SINGLE (Line Drive, 8RS, EV 101.9 MPH)
|
|
Batting: LHB Ramon Vega
|
0-0: Called Strike 0-1: Ball Wild Pitch! Zachary Sidney to second 1-1: DOUBLE (Flyball, 89D, EV 106.2 MPH) Zachary Sidney scores
|
|
Batting: LHB Phil Lerner
|
0-0: Ball 1-0: Foul Ball, location: 2F 1-1: Ground out U3 (Groundball, 34S, EV 90.0 MPH) Ramon Vega to third
|
|
Batting: RHB Hector Fernandez
|
0-0: Ball 1-0: Foul Ball, location: 2F 1-1: Fly out, F8 (Flyball, 8LD, EV 100.6 MPH)
|
|
Batting: SHB Manny Berrones
|
0-0: Called Strike 0-1: Ball 1-1: Ball 2-1: SINGLE (Flyball, 8LS, EV 87.5 MPH) Ramon Vega scores
|
|
Batting: RHB Brian DeVoe
|
0-0: Ball 1-0: Ball 2-0: SINGLE (Groundball, 56D, EV 99.4 MPH) Manny Berrones to second
|
|
Batting: SHB Yutaro Takahashi
|
0-0: Ball 1-0: Called Strike 1-1: Ground out 4-3 (Groundball, 34, EV 110.0 MPH)
|
| Bottom of the 3rd over - 2 runs, 4 hits, 0 errors, 2 left on base; Los Angeles (NYP) 0 - Tri-City 2 |
| TOP OF THE 4TH |
|
Los Angeles (NYP) Dodgers batting - Pitching for Tri-City Dust Devils : RHP Roger Watkins
|
|
Batting: RHB Ruben Serrata
|
0-0: DOUBLE (Flyball, 89XD, EV 105.6 MPH)
|
|
Batting: RHB Tommie Lee
|
0-0: Foul Ball, location: 2F 0-1: 2-RUN HOME RUN (Flyball, 7LD, EV 97.5 MPH), Distance : 354 ft
|
|
Batting: RHB Daniel Samano
|
0-0: Ball 1-0: Ball 2-0: Called Strike 2-1: Ball 3-1: Fly out, F8 (Line Drive, 8RS, EV 88.1 MPH)
|
|
Batting: LHB Jose Mojica
|
0-0: Ball 1-0: Called Strike 1-1: Ball 2-1: Ground out U3 (Groundball, 3, EV 79.4 MPH)
|
|
Batting: RHB Jonathan Underhill
|
0-0: Ball 1-0: Called Strike 1-1: Ball 2-1: Foul Ball, location: 2F 2-2: Ground out 5-3 (Groundball, 56S, EV 68.1 MPH)
|
| Top of the 4th over - 2 runs, 2 hits, 0 errors, 0 left on base; Los Angeles (NYP) 2 - Tri-City 2 |
| BOTTOM OF THE 4TH |
|
Tri-City Dust Devils batting - Pitching for Los Angeles (NYP) Dodgers : RHP Tyler Scherer
|
|
Batting: RHB Paul Van Gilder
|
0-0: Foul Ball, location: 2F 0-1: Ball 1-1: Ball 2-1: Ground out 4-3 (Groundball, 4M, EV 91.2 MPH)
|
|
Batting: RHB Alfredo Lemus
|
0-0: Ball 1-0: Called Strike 1-1: Called Strike 1-2: Strikes out swinging
|
|
Batting: RHB Zachary Sidney
|
0-0: Ball 1-0: Ground out 6-3 (Groundball, 56, EV 103.8 MPH)
|
| Bottom of the 4th over - 0 runs, 0 hits, 0 errors, 0 left on base; Los Angeles (NYP) 2 - Tri-City 2 |
| TOP OF THE 5TH |
|
Los Angeles (NYP) Dodgers batting - Pitching for Tri-City Dust Devils : RHP Roger Watkins
|
|
Batting: RHB Nate Burkhalter
|
0-0: Fly out, F8 (Flyball, 8LS, EV 86.9 MPH)
|
|
Batting: LHB Antonio Luis
|
0-0: Ball 1-0: Ball 2-0: DOUBLE (Groundball, 3L, EV 102.5 MPH)
|
|
Batting: RHB Nick Massengale
|
0-0: Called Strike 0-1: Called Strike 0-2: Ball 1-2: Foul Ball, location: 2F 1-2: Strikes out looking
|
|
Batting: RHB Nick Beggs
|
0-0: Called Strike 0-1: Foul Ball, location: 2F 0-2: Ball 1-2: Foul Ball, location: 2F 1-2: Ball 2-2: Strikes out swinging
|
| Top of the 5th over - 0 runs, 1 hit, 0 errors, 1 left on base; Los Angeles (NYP) 2 - Tri-City 2 |
| BOTTOM OF THE 5TH |
|
Tri-City Dust Devils batting - Pitching for Los Angeles (NYP) Dodgers : RHP Tyler Scherer
|
|
Batting: LHB Ramon Vega
|
0-0: Called Strike 0-1: Fly out, F9 (Flyball, 9, EV 91.2 MPH)
|
|
Batting: LHB Phil Lerner
|
0-0: Ball 1-0: Swinging Strike 1-1: Ball 2-1: Foul Ball, location: 2F 2-2: Foul Ball, location: 2F 2-2: Foul Ball, location: 2F 2-2: Foul Ball, location: 2F 2-2: Ball 3-2: SINGLE (Groundball, 23, EV 63.1 MPH) (infield hit)
|
|
Batting: RHB Hector Fernandez
|
0-0: Ball 1-0: Ball 2-0: Called Strike 2-1: Ball Phil Lerner is caught stealing 2nd base 2-4 3-1: Base on Balls
|
|
Batting: SHB Manny Berrones
|
0-0: Ground out 4-3 (Groundball, 34, EV 99.4 MPH)
|
| Bottom of the 5th over - 0 runs, 1 hit, 0 errors, 1 left on base; Los Angeles (NYP) 2 - Tri-City 2 |
| TOP OF THE 6TH |
|
Los Angeles (NYP) Dodgers batting - Pitching for Tri-City Dust Devils : RHP Roger Watkins
|
|
Batting: RHB Ruben Serrata
|
0-0: SINGLE (Groundball, 4M, EV 95.6 MPH) (infield hit)
|
|
Batting: RHB Tommie Lee
|
0-0: Fly out, F6 (Line Drive, 6MD, EV 67.5 MPH)
|
|
Batting: RHB Daniel Samano
|
0-0: Ball 1-0: Ball 2-0: Ball 3-0: Called Strike 3-1: Foul Ball, location: 2F 3-2: Grounds into double play, 5-4-3 (Groundball, 56S, EV 86.9 MPH)
|
| Top of the 6th over - 0 runs, 1 hit, 0 errors, 0 left on base; Los Angeles (NYP) 2 - Tri-City 2 |
| BOTTOM OF THE 6TH |
|
Tri-City Dust Devils batting - Pitching for Los Angeles (NYP) Dodgers : RHP Tyler Scherer
|
|
Batting: RHB Brian DeVoe
|
0-0: Called Strike 0-1: Ball 1-1: Foul Ball, location: 2F 1-2: Ball 2-2: Foul Ball, location: 2F 2-2: Ball 3-2: Foul Ball, location: 2F 3-2: Fly out, F6 (Popup, 6D, EV 49.4 MPH)
|
|
Pitching: LHP Micah Watson
|
|
|
Batting: SHB Yutaro Takahashi
|
0-0: TRIPLE (Line Drive, 78XD, EV 102.5 MPH)
|
|
Batting: RHB Paul Van Gilder
|
0-0: Ball 1-0: Called Strike 1-1: Ball 2-1: Foul Ball, location: 2F 2-2: Strikes out swinging
|
|
Batting: RHB Alfredo Lemus
|
0-0: Ball 1-0: DOUBLE (Groundball, 3L, EV 102.5 MPH) Yutaro Takahashi scores
|
|
Batting: RHB Zachary Sidney
|
0-0: Ball 1-0: Ball 2-0: Ground out 5-3 (Groundball, 56, EV 89.4 MPH)
|
| Bottom of the 6th over - 1 run, 2 hits, 0 errors, 1 left on base; Los Angeles (NYP) 2 - Tri-City 3 |
| TOP OF THE 7TH |
|
Los Angeles (NYP) Dodgers batting - Pitching for Tri-City Dust Devils : RHP Roger Watkins
|
|
Batting: LHB Jose Mojica
|
0-0: Ball 1-0: Swinging Strike 1-1: Ground out U3 (Groundball, 3L, EV 88.8 MPH)
|
|
Pinch Hitting: LHB Tony Morales
|
0-0: Ball 1-0: Foul Ball, location: 2F 1-1: Called Strike 1-2: Foul Ball, location: 2F 1-2: Ball 2-2: Strikes out looking
|
|
Batting: RHB Nate Burkhalter
|
0-0: Ball 1-0: Swinging Strike 1-1: Ball 2-1: SINGLE (Groundball, 4MD, EV 103.1 MPH)
|
|
Pitching: RHP Zach Monlux
|
|
|
Batting: LHB Antonio Luis
|
0-0: Swinging Strike 0-1: Ball 1-1: Foul Ball, location: 2F 1-2: Foul Ball, location: 2F 1-2: Ball 2-2: Strikes out looking
|
| Top of the 7th over - 0 runs, 1 hit, 0 errors, 1 left on base; Los Angeles (NYP) 2 - Tri-City 3 |
| BOTTOM OF THE 7TH |
|
Tri-City Dust Devils batting - Pitching for Los Angeles (NYP) Dodgers : LHP Micah Watson
|
|
Now at 2B: Bobby Gambrell
|
|
|
Batting: LHB Ramon Vega
|
0-0: Ball 1-0: Called Strike 1-1: Fly out, F3 (Popup, 34, EV 74.4 MPH)
|
|
Batting: LHB Phil Lerner
|
0-0: Called Strike 0-1: Swinging Strike 0-2: Foul Ball, location: 2F 0-2: Ball 1-2: Foul Ball, location: 2F 1-2: Ball 2-2: Ball 3-2: Strikes out looking
|
|
Batting: RHB Hector Fernandez
|
0-0: Ground out 6-3 (Groundball, 6, EV 86.2 MPH)
|
| Bottom of the 7th over - 0 runs, 0 hits, 0 errors, 0 left on base; Los Angeles (NYP) 2 - Tri-City 3 |
| TOP OF THE 8TH |
|
Los Angeles (NYP) Dodgers batting - Pitching for Tri-City Dust Devils : RHP Zach Monlux
|
|
Batting: RHB Nick Massengale
|
0-0: Fly out, F8 (Line Drive, 8RD, EV 100.6 MPH)
|
|
Batting: RHB Nick Beggs
|
0-0: Foul Ball, location: 2F 0-1: Foul Ball, location: 2F 0-2: Ball 1-2: Strikes out swinging
|
|
Pinch Hitting: LHB Robin More
|
0-0: Ball 1-0: Ball 2-0: Ball 3-0: Called Strike 3-1: Foul Ball, location: 2F 3-2: Fly out, F7 (Flyball, 7D, EV 93.8 MPH)
|
| Top of the 8th over - 0 runs, 0 hits, 0 errors, 0 left on base; Los Angeles (NYP) 2 - Tri-City 3 |
| BOTTOM OF THE 8TH |
|
Tri-City Dust Devils batting - Pitching for Los Angeles (NYP) Dodgers : LHP Micah Watson
|
|
Pitching: LHP Bill Esten
|
|
|
Now in LF: Justin Toth
|
|
|
Now in CF: Antonio Luis
|
|
|
Batting: SHB Manny Berrones
|
0-0: Ball 1-0: Called Strike 1-1: Ball 2-1: Swinging Strike 2-2: Strikes out swinging
|
|
Batting: RHB Brian DeVoe
|
0-0: Ball 1-0: Foul Ball, location: 2F 1-1: Ball 2-1: Ball 3-1: Swinging Strike 3-2: Base on Balls
|
|
Batting: SHB Yutaro Takahashi
|
0-0: Ball 1-0: Called Strike 1-1: Foul Ball, location: 2F 1-2: Foul Ball, location: 2F 1-2: Ball Passed Ball! Brian DeVoe to second 2-2: Strikes out swinging
|
|
Batting: RHB Paul Van Gilder
|
0-0: Ball 1-0: Called Strike 1-1: SINGLE (Groundball, 4MD, EV 111.2 MPH) Brian DeVoe to third Runner from 3rd tries for Home, SAFE, throw by CF to home
|
|
Batting: RHB Alfredo Lemus
|
0-0: SINGLE (Groundball, 34S, EV 76.9 MPH) (infield hit) Paul Van Gilder to second
|
|
Batting: RHB Zachary Sidney
|
0-0: Called Strike 0-1: DOUBLE (Groundball, 3L, EV 101.9 MPH) Paul Van Gilder scores Alfredo Lemus to third
|
|
Batting: LHB Ramon Vega
|
0-0: Ground out U3 (Groundball, 34, EV 85.6 MPH)
|
| Bottom of the 8th over - 2 runs, 3 hits, 0 errors, 2 left on base; Los Angeles (NYP) 2 - Tri-City 5 |
| TOP OF THE 9TH |
|
Los Angeles (NYP) Dodgers batting - Pitching for Tri-City Dust Devils : RHP Zach Monlux
|
|
Pitching: RHP Ching Ge
|
|
|
Batting: RHB Tommie Lee
|
0-0: Swinging Strike 0-1: Hit by Pitch
|
|
Batting: RHB Daniel Samano
|
0-0: Ball 1-0: Foul Ball, location: 2F 1-1: SINGLE (Groundball, 4MD, EV 103.1 MPH) Tommie Lee to second
|
|
Batting: LHB Jose Mojica
|
0-0: Ball 1-0: Ball Wild Pitch! Tommie Lee to third Daniel Samano to second 2-0: Called Strike 2-1: Ball 3-1: Base on Balls
|
|
Batting: LHB Bobby Gambrell
|
0-0: Called Strike 0-1: Ball 1-1: Swinging Strike 1-2: Strikes out swinging
|
|
Batting: RHB Nate Burkhalter
|
0-0: Called Strike 0-1: Foul Ball, location: 2F 0-2: Fielders Choice at 2nd, 6-4 (Groundball, 6, EV 82.5 MPH) Tommie Lee scores Daniel Samano to third
|
|
Batting: LHB Antonio Luis
|
0-0: Ball 1-0: Ball 2-0: Fly out, F7 (Line Drive, 7, EV 91.9 MPH)
|
| Top of the 9th over - 1 run, 1 hit, 0 errors, 2 left on base; Los Angeles (NYP) 3 - Tri-City 5 |
|